 Dungeon Crawl Stone Soup version 0.30-a0-643-g638baaf3f0 (webtiles) character file.

Game seed: 16498201396863543686

39 Absynth the Insei (level 3, -2/27 HPs)
             Began as a Demigod Transmuter on Jan 17, 2023.
             Slain by a worm (7 damage)
             ... on level 2 of the Dungeon.
             The game lasted 00:04:18 (1308 turns).

Absynth the Insei (Demigod Transmuter)              Turns: 1308, Time: 00:04:18

Health: -2/27      AC:  2    Str: 11    XL:     3   Next: 13%
Magic:  9/9        EV: 12    Int: 19    God:
Gold:   53         SH:  0    Dex: 14    Spells: 4/7 levels left

rFire   . . .      SeeInvis .      - Unarmed
rCold   . . .      Faith    .    (no shield)
rNeg    . . .      Spirit   .    a - +0 robe
rPois   .          Reflect  .    (helmet currently unavailable)
rElec   .          Harm     .    (no cloak)
rCorr   .          Rampage  .    (no gloves)
Will    .....                    (boots currently unavailable)
Stlth   +                        (no amulet)
HPRegen 0.24/turn                (no ring)
MPRegen 0.11/turn                (no ring)

@: appendages
A: horns 2, talons 2, high MP 1, forlorn, divine attributes
a: End Transformation


You were on level 2 of the Dungeon.
You had temporarily grown beastly horns and talons.
You visited 1 branch of the dungeon, and saw 2 of its levels.

You collected 92 gold pieces.
You spent 39 gold pieces at shops.

Inventory:

Armour
 a - a +0 robe (worn)
Scrolls
 c - a scroll of teleportation {unknown}
 d - a scroll of brand weapon {unknown}
 h - a scroll of silence {unknown}
 i - a scroll of identify {unknown}
Potions
 b - a potion of lignification
 e - 2 potions of haste {unknown}
 f - a potion of heal wounds {unknown}
 g - a potion of curing
 j - a potion of berserk rage {unknown}


   Skills:
 - Level 0.8 Fighting
 - Level 1.7 Dodging
 + Level 3.0 Unarmed Combat
 * Level 2.6 Spellcasting
 + Level 2.2 Transmutations


You had 4 spell levels left.
You knew the following spells:

 Your Spells              Type           Power      Damage    Failure   Level
a - Beastly Appendage     Tmut           20%        N/A       6%          1
b - Wereblood             Tmut           10%        N/A       10%         2

Your spell library contained the following spells:

 Spells                   Type           Power      Damage    Failure   Level
 Spider Form              Tmut/Pois      6%         N/A       30%         3
 Ignite Poison            Fire/Tmut/Pois 5%         N/A       34%         3
 Kindle Blastsparks       Fire/Tloc/Air  4%         2d10      43%         3
 Ice Form                 Ice/Tmut       6%         N/A       69%         4
 Freezing Cloud           Conj/Ice/Air   1%         6-21      99%         5


Dungeon Overview and Level Annotations

Branches:
Dungeon (2/15)

Shops:
D:2 !


Innate Abilities, Weirdness & Mutations

You have temporarily grown beastly horns and talons.
You have an increased reservoir of magic. (+10% MP)
You shall have no god before yourself.
Your divine heritage dramatically boosts your attributes as you level up.


Message History

Confirm with . or Enter, or press ? or * to list all spells.
You grow a pair of large bovine horns.
Your feet morph into talons.
The worm bites you.
You hit the worm. You claw the worm.
The worm is heavily wounded.
The kobold misses you.
You hit the worm. You claw the worm, but do no damage.
The worm is severely wounded.
The kobold hits you with a +0 dagger. The worm bites you but does no damage.
You hit the worm but do no damage.
The worm is heavily wounded.
The kobold barely misses you.
You barely miss the worm. You punch the worm.
The worm is severely wounded.
The kobold hits you with a +0 dagger. The worm bites you!
You hit the worm.
The worm is almost dead.
The kobold closely misses you.
You barely miss the worm.
The worm is almost dead.
The kobold hits you but does no damage. The worm bites you!
* * * LOW HITPOINT WARNING * * *
You completely miss the worm. You claw the worm, but do no damage.
Your headbutt misses the worm.
The worm is almost dead.
The kobold closely misses you. The worm closely misses you.
You closely miss the kobold. The kobold hits you with a +0 dagger.
* * * LOW HITPOINT WARNING * * *
You closely miss the kobold. You claw the kobold.
Your headbutt misses the kobold. You punch the kobold, but do no damage.
The kobold is severely wounded.
The kobold barely misses you.
You hit the kobold.
You kill the kobold!
You hit the worm.
The worm is severely wounded.
You hit the worm.
The worm is almost dead.
The worm bites you!
You die...

#)# #....##.#
#)###....##'######
#.#.'.............
########.# #.............
...#.†...# ....#.........
##.#.#########.#.........
<#†#.........<.w.........
##.........######w.......
................@........
###........####.##.......
..'........# #.# #######
###........# #.#
#........# #.# #........#
#.# #........# #.#
########## #.# #.#


You could see a worm.

Vanquished Creatures
  A worm (D:2)
  5 ball pythons
  4 endoplasms (D:1)
  A giant cockroach (D:1)
  2 goblins
  6 hobgoblins
  4 jackals (D:2)
  A quokka (D:1)
  2 bats (D:1)
  4 kobolds
  A rat (D:1)
31 creatures vanquished.

Notes
Turn   | Place    | Note
-------+----------+-------------------------------------------
     0 | D:1      | Absynth the Demigod Transmuter began the quest for the Orb.
     0 | D:1      | Reached XP level 1. HP: 15/15 MP: 5/5
   329 | D:1      | Reached XP level 2. HP: 22/22 MP: 5/7
   634 | D:1      | Reached skill level 3 in Unarmed Combat
   996 | D:2      | Found Huixu's Distillery.
  1001 | D:2      | Bought a potion of curing for 39 gold pieces
  1091 | D:2      | Reached XP level 3. HP: 19/27 MP: 7/9
  1262 | D:2      | Learned a level 2 spell: Wereblood
  1308 | D:2      | Slain by a worm

Illustrated notes

Levels and vault maps discovered:
D:1:      saegor_arrival_fortress, layout_basic, serial_bayou_lagoon_b
D:2:      layout_basic, serial_shops, shop, basic_ecumenical_altar,
          uniq_crazy_yiuf_cottage

Skill      XL: |  1  2 |
---------------+-------+-----
Spellcasting   | 2 |  2.6
Transmutations | 2 |  2.2
Unarmed Combat | 3 |  3.0
Fighting       | |  0.8
Dodging        | |  1.7

Action                   || total
-------------------------++-------
Melee: Unarmed           ||    91
       Headbutt          ||    12
       Kick              ||    15
       Punch             ||     3
 Cast: Beastly Appendage ||    18
Armor: Robe              ||    15
Dodge: Dodged            ||    38

Table legend: (Time is in decaauts)
 A = Elapsed time spent in this place.
 B = Non-inter-level travel time spent in this place.
 C = Inter-level travel time spent in this place.
 D = Time resting spent in this place.
 E = Time spent auto-exploring this place.
 F = Levels seen in this place.
 G = Mean time per level.
                   A        B        C        D        E       F      G
               +--------+--------+--------+--------+--------+-----+--------+
         Total |   1318 |   1252 |     66 |    261 |    741 |   2 |  659.0 |
       Dungeon |   1318 |   1252 |     66 |    261 |    741 |   2 |  659.0 |
               +--------+--------+--------+--------+--------+-----+--------+

Top non-repeatable levels by time:
     D:1: 1001 daAuts
     D:2: 317 daAuts
